 Dungeon Crawl Stone Soup version 0.16-a0-4023-g001212b (webtiles) character file.

168 BluebellGnoll the Chopper (level 5, 0/48 HPs)
             Began as a Deep Dwarf Artificer on Feb 18, 2015.
             Slain by an orc priest (3 damage)
             ... on level 3 of the Dungeon.
             The game lasted 00:09:33 (1800 turns).

BluebellGnoll the Chopper (Deep Dwarf Artificer)    Turns: 1800, Time: 00:09:33

Health: 0/48       AC:  9    Str: 16    XL:     5   Next: 24%
Magic:  8/8        EV:  8    Int: 12    God:
Gold:   143        SH:  0    Dex: 13    Spells: 0 memorised, 4 levels left

rFire  . . .     SeeInvis .     w - +1 broad axe
rCold  . . .     Clarity  .     j - +1 chain mail
rNeg   . . .     SustAb   .     (no shield)
rPois  .         Gourm    .     (no helmet)
rElec  .         Spirit   .     (no cloak)
rCorr  .         Warding  .     (no gloves)
rMut   .         Rnd*Tele +     (no boots)
MR     .....                    (no amulet)
Stlth  ..........               s - +1 ring of evasion
                                p - ring of teleportation (curse)

@: very slightly contaminated, non-regenerating, invisible, not resistant to
hostile enchantments, extremely unstealthy
A: damage resistance, recharge devices, sense surroundings 1, slow healing 3
a: Device Recharging, Evoke Teleportation


You were on level 3 of the Dungeon.
You were not hungry.

You visited 1 branch of the dungeon, and saw 3 of its levels.

You collected 143 gold pieces.

Inventory:

Hand weapons
 w - a +1 broad axe (weapon)
 x - a +0 hunting sling
Missiles
 e - 5 poisoned needles
 l - 2 javelins of returning
 v - 63 stones (quivered)
Armour
 j - a +1 chain mail (worn)
Jewellery
 p - a cursed ring of teleportation (left hand)
 s - a +1 ring of evasion (right hand)
 A - an uncursed ring of protection from magic {unknown}
Magical devices
 b - a wand of flame (0)
 c - a wand of enslavement (15)
 d - a wand of random effects (9)
 f - a wand of heal wounds (8)
Scrolls
 a - 2 scrolls of remove curse {unknown}
 q - 2 scrolls of identify
 r - a scroll of amnesia
 y - a scroll of fog
Potions
 h - a potion of might
 i - a potion of curing {unknown}
 m - a potion of magic {unknown}
 t - 2 potions of degeneration {unknown}
 z - a potion of flight {unknown}
Comestibles
 g - 3 bread rations
 k - 5 fruits
 n - 5 chunks of flesh
 o - a meat ration


   Skills:
 - Level 2.8 Fighting
   Level 0.8 Short Blades
 + Level 4.3 Axes
 - Level 2.1 Dodging
 - Level 1.2 Stealth
 - Level 4.0 Evocations


You had 4 spell levels left.
You didn't know any spells.

Dungeon Overview and Level Annotations

Branches:
Dungeon (3/15)

Altars:
Elyvilon
Vehumet
Yredelemnul


Innate Abilities, Weirdness & Mutations

You are resistant to damage.
You can recharge devices by infusing magical energy.
You passively map a small area around you.
You do not heal naturally.


Message History

The orc wizard becomes somewhat translucent.
Unknown command.
You are too injured to fight recklessly!
Unknown command.
You are too injured to fight recklessly!
Drink which item? (? for menu, Esc to quit)
You fade into invisibility!
The orc priest barely misses you. The orc closely misses you.
The orc wizard barely misses you.
You are very lightly contaminated with residual magic.
You hit the orc priest.
The orc priest is heavily wounded.
You miss the orc.
The orc is moderately wounded.
You hit the orc wizard but do no damage.
The orc priest hits you but does no damage.
The orc hits you.
The orc wizard hits you but does no damage.
The orc priest hits you.
You die...

#### ##...## ##.....##
#.......# #.......#
#ooo.[..#
###########@....#
##...##...##.....##
##.......)....(....#
####.........?........#
...#[.................#
.....................##
....#....((....#....##
....##.)(##.........#
....##..######.>#####


You could see an orc priest, an orc wizard and an orc.

Vanquished Creatures
  A worker ant (D:3)
  3 adders
  4 gnolls
  5 giant geckos
  An ooze (D:2)
  4 orcs (D:3)
  5 ball pythons
  4 bats
  7 hobgoblins
  4 giant cockroaches
  7 goblins
  9 jackals
  5 kobolds
  11 rats
70 creatures vanquished.

Notes
Turn   | Place    | Note
--------------------------------------------------------------
     0 | D:1      | BluebellGnoll, the Deep Dwarf Artificer, began the quest for the Orb.
     0 | D:1      | Reached XP level 1. HP: 16/16 MP: 1/1
    10 | D:1      | Reached skill level 1 in Fighting
   164 | D:1      | Reached XP level 2. HP: 21/26 MP: 3/3
   484 | D:1      | Reached XP level 3. HP: 23/33 MP: 5/5
   623 | D:2      | Found a white marble altar of Elyvilon.
   680 | D:2      | Found a basalt altar of Yredelemnul.
   705 | D:2      | Found a radiant altar of Vehumet.
   872 | D:2      | Reached skill level 1 in Axes
  1326 | D:3      | Reached XP level 4. HP: 27/40 MP: 6/6
  1567 | D:2      | Reached XP level 5. HP: 15/48 MP: 8/8
  1800 | D:3      | Slain by an orc priest

Action                   |  1- 3 |  4- 6 || total
-------------------------+-------+-------++-------
Melee: Short sword       |    91 |       ||    91
       Broad axe         |    58 |   100 ||   158
 Fire: Hunting sling     |       |     4 ||     4
Evoke: Wand              |    19 |     3 ||    22
  Use: Scroll            |    10 |       ||    10
       Potion            |       |     1 ||     1
  Eat: Meat ration       |     1 |       ||     1
       Chunk             |     1 |       ||     1
